AoeStats
← Boooonne Sawwww

Arabia

509750813Analyzed
1v1 RM · 6d ago on Sep 27, 2026· 73m 57s· 2 players
Game mode
Random Map
Map size
Tiny (2 player)
Population
200
Speed
Normal
Resources
Standard
Victory
Conquest
Starting age
Dark Age
Ending age
Imperial Age
RankedLock teamsTeams togetherTeam positionsShared explorationLock speedFull tech treeHidden civsTurbo modeCheats
Victory
Defeat
🇺🇸 Italians · United States
1144
+17
🇬🇹 Koreans · Guatemala
1173
-17
Boooonne Sawwww
6:30 Loom
9:42 Feudal Age
14:45 Double-Bit Axe
19:17 Fletching
24:03 Castle Age
23:34 Padded Archer Armor
24:52 Scale Barding Armor
24:34 Crossbowman
25:17 Bodkin Arrow
26:32 Horse Collar
27:49 Bloodlines
32:18 Wheelbarrow
41:26 Imperial Age
41:51 Arbalester
46:51 Hand Cart
49:05 Bracer
49:06 Light Cavalry
49:46 Husbandry
50:01 Forging
50:57 Town Watch
53:00 Chain Barding Armor
53:15 Iron Casting
55:15 Chemistry
54:49 Bow Saw
55:22 Leather Archer Armor
56:34 Conscription
56:13 Elite Skirmisher
58:45 Blast Furnace
59:08 Ring Archer Armor
60:22 Thumb Ring
66:46 Hussar
JJ
4:14 Loom
10:11 Feudal Age
10:27 Man-at-Arms
10:58 Double-Bit Axe
11:28 Arson
14:44 Town Watch
16:48 Wheelbarrow
21:54 Castle Age
20:13 Gold Mining
20:52 Fletching
24:53 Bodkin Arrow
25:22 Crossbowman
27:43 Ballistics
28:38 Thumb Ring
29:55 Bow Saw
35:15 Masonry
43:17 Imperial Age
44:01 Arbalester
45:59 Bracer
51:09 Conscription
51:54 Hand Cart
56:17 Chemistry
55:48 Architecture
60:10 Elite Skirmisher
62:10 Heavy Rocket Cart
66:43 Horse Collar
73:39 Siege Engineers
73:32 Murder Holes
Connection lost

Rejoining the realm…

Still unreachable

The connection could not be restored.

Session expired

The server has moved on; the page needs a fresh start.